[ AOE2 MATCH · #478159351 ]
UnrankedVietnamese vs Saracens
[ REPLAY ANALYSIS · EXTRACTED FROM THE RECORDED GAME ]
Feudal
—
Castle
—
Imperial
—
| APM avg | 0.7 |
| APM peak | 5 |
| eAPM avg | 0.6 |
| Villagers / military | 0 / 0 |
Focus
⚔️ 0.0% · 🌾 100.0%
Feudal
—
Castle
—
Imperial
—
| APM avg | 23.2 |
| APM peak | 50 |
| eAPM avg | 10.1 |
| Villagers / military | 14 / 0 |
Focus
⚔️ 18.6% · 🌾 81.4%
Feudal
—
Castle
—
Imperial
—
| APM avg | 61.7 |
| APM peak | 107 |
| eAPM avg | 34.2 |
| Villagers / military | 18 / 0 |
Focus
⚔️ 15.5% · 🌾 84.5%
Feudal
—
Castle
—
Imperial
—
| APM avg | 41.8 |
| APM peak | 80 |
| eAPM avg | 15.6 |
| Villagers / military | 22 / 0 |
Focus
⚔️ 29.5% · 🌾 70.5%
Feudal
—
Castle
—
Imperial
—
| APM avg | 48.8 |
| APM peak | 90 |
| eAPM avg | 13.4 |
| Villagers / military | 19 / 0 |
Focus
⚔️ 23.3% · 🌾 76.7%
Feudal
—
Castle
—
Imperial
—
| APM avg | 38.2 |
| APM peak | 68 |
| eAPM avg | 17.6 |
| Villagers / military | 30 / 0 |
Focus
⚔️ 22.2% · 🌾 77.8%
Feudal
—
Castle
—
Imperial
—
| APM avg | 37.8 |
| APM peak | 68 |
| eAPM avg | 14.5 |
| Villagers / military | 14 / 0 |
Focus
⚔️ 20.7% · 🌾 79.3%
Feudal
—
Castle
—
Imperial
—
| APM avg | 50.6 |
| APM peak | 66 |
| eAPM avg | 18.3 |
| Villagers / military | 22 / 0 |
Focus
⚔️ 10.7% · 🌾 89.3%
Match map
Initial resources + every placement click. Lines = walls · curves = elevation contours. ◆ gold · ⬟ stone · ● berries · ✦ relic · ◌ wall gap
Your base
Pelopincho's base
冬瀑's base
H 2 0's base
ツ Xuma's base
Đà Lạt's base
DugTheDog's base
吾问无为谓's base
Smoothed initial terrain · ◌ = detected wall gap · hover for details
Inputs per minute
— BeefBro - - Pelopincho
Build order — BeefBro
1 actions detected in the replay
| 0:20 | Build | Town Center |
Build order — Pelopincho
20 actions detected in the replay
| 0:55 | Build | Town Center |
| 3:20 | Research | Loom |
| 4:00 | Queue | Villager (Male) |
| 4:22 | Queue | Villager (Male) |
| 4:42 | Queue | Villager (Male) |
| 4:42 | Queue | Villager (Male) |
| 5:01 | Queue | Villager (Male) |
| 5:01 | Queue | Villager (Male) |
| 5:36 | Build | Lumber Camp |
| 5:44 | Queue | Villager (Male) |
| 5:44 | Queue | Villager (Male) |
| 5:59 | Queue | Villager (Male) |
| 6:03 | Build | House |
| 6:34 | Queue | Villager (Male) |
| 6:59 | Queue | Villager (Male) |
| 6:59 | Queue | Villager (Male) |
| 7:07 | Build | House |
| 7:08 | Build | House |
| 7:20 | Queue | Villager (Male) |
| 7:42 | Queue | Villager (Male) |
Build order — 冬瀑
29 actions detected in the replay
| 0:09 | Build | Town Center |
| 2:40 | Queue | Villager (Male) |
| 2:40 | Queue | Villager (Male) |
| 2:40 | Queue | Villager (Male) |
| 2:41 | Queue | Villager (Male) |
| 2:56 | Build | House |
| 3:50 | Build | Lumber Camp |
| 4:09 | Queue | Villager (Male) |
| 4:09 | Queue | Villager (Male) |
| 4:09 | Queue | Villager (Male) |
| 4:34 | Build | House |
| 4:36 | Build | House |
| 4:44 | Queue | Villager (Male) |
| 5:12 | Queue | Villager (Male) |
| 5:12 | Queue | Villager (Male) |
| 5:30 | Queue | Villager (Male) |
| 5:30 | Queue | Villager (Male) |
| 6:01 | Research | Loom |
| 6:26 | Queue | Villager (Male) |
| 6:49 | Queue | Villager (Male) |
| 7:07 | Build | House |
| 7:15 | Queue | Villager (Male) |
| 7:16 | Queue | Villager (Male) |
| 7:18 | Build | House |
| 7:28 | Build | House |
| 7:41 | Build | House |
| 7:45 | Queue | Villager (Male) |
| 7:45 | Queue | Villager (Male) |
| 7:49 | Build | Mill |
Build order — H 2 0
32 actions detected in the replay
| 0:36 | Build | Town Center |
| 2:44 | Queue | Villager (Male) |
| 2:44 | Queue | Villager (Male) |
| 2:44 | Queue | Villager (Male) |
| 2:44 | Queue | Villager (Male) |
| 2:50 | Build | House |
| 3:37 | Queue | Villager (Male) |
| 4:19 | Queue | Villager (Male) |
| 4:24 | Build | House |
| 4:43 | Queue | Villager (Male) |
| 4:59 | Build | House |
| 5:16 | Queue | Villager (Male) |
| 5:17 | Queue | Villager (Male) |
| 5:23 | Build | Lumber Camp |
| 5:24 | Queue | Villager (Male) |
| 5:49 | Queue | Villager (Male) |
| 6:11 | Build | House |
| 6:33 | Build | House |
| 6:33 | Queue | Villager (Male) |
| 6:56 | Queue | Villager (Male) |
| 6:57 | Queue | Villager (Male) |
| 6:57 | Queue | Villager (Male) |
| 7:24 | Build | House |
| 7:29 | Queue | Villager (Male) |
| 7:30 | Queue | Villager (Male) |
| 7:34 | Research | Double-Bit Axe |
| 7:36 | Queue | Villager (Male) |
| 7:45 | Build | House |
| 8:02 | Queue | Villager (Male) |
| 8:03 | Queue | Villager (Male) |
| 8:03 | Queue | Villager (Male) |
| 8:03 | Queue | Villager (Male) |
Build order — ツ Xuma
29 actions detected in the replay
| 0:15 | Build | Town Center |
| 2:24 | Build | House |
| 2:27 | Queue | Villager (Male) |
| 2:27 | Queue | Villager (Male) |
| 2:28 | Queue | Villager (Male) |
| 2:28 | Queue | Villager (Male) |
| 3:29 | Build | House |
| 3:36 | Queue | Villager (Male) |
| 3:41 | Build | Lumber Camp |
| 4:12 | Queue | Villager (Male) |
| 4:20 | Build | House |
| 4:38 | Queue | Villager (Male) |
| 4:38 | Queue | Villager (Male) |
| 4:52 | Build | House |
| 4:59 | Queue | Villager (Male) |
| 5:16 | Queue | Villager (Male) |
| 5:17 | Queue | Villager (Male) |
| 5:46 | Queue | Villager (Male) |
| 6:11 | Queue | Villager (Male) |
| 6:12 | Queue | Villager (Male) |
| 6:15 | Build | House |
| 6:45 | Queue | Villager (Male) |
| 6:45 | Queue | Villager (Male) |
| 6:46 | Queue | Villager (Male) |
| 7:10 | Queue | Villager (Male) |
| 7:10 | Queue | Villager (Male) |
| 7:14 | Build | House |
| 7:24 | Build | Mining Camp |
| 7:29 | Build | House |
Build order — Đà Lạt
36 actions detected in the replay
| 0:16 | Build | Town Center |
| 0:58 | Build | House |
| 2:50 | Queue | Villager (Male) |
| 2:51 | Queue | Villager (Male) |
| 2:51 | Queue | Villager (Male) |
| 2:51 | Queue | Villager (Male) |
| 2:51 | Queue | Villager (Male) |
| 3:53 | Queue | Villager (Male) |
| 3:53 | Queue | Villager (Male) |
| 3:54 | Queue | Villager (Male) |
| 4:39 | Build | House |
| 4:48 | Queue | Villager (Male) |
| 4:48 | Queue | Villager (Male) |
| 5:41 | Queue | Villager (Male) |
| 5:41 | Queue | Villager (Male) |
| 5:41 | Queue | Villager (Male) |
| 5:53 | Build | Mill |
| 5:59 | Queue | Villager (Male) |
| 5:59 | Queue | Villager (Male) |
| 5:59 | Queue | Villager (Male) |
| 5:59 | Queue | Villager (Male) |
| 6:33 | Build | House |
| 6:38 | Build | House |
| 6:45 | Queue | Villager (Male) |
| 6:45 | Queue | Villager (Male) |
| 6:52 | Queue | Villager (Male) |
| 6:52 | Queue | Villager (Male) |
| 6:53 | Queue | Villager (Male) |
| 7:20 | Queue | Villager (Male) |
| 7:20 | Queue | Villager (Male) |
| 7:48 | Queue | Villager (Male) |
| 7:48 | Queue | Villager (Male) |
| 7:48 | Queue | Villager (Male) |
| 7:57 | Queue | Villager (Male) |
| 7:58 | Queue | Villager (Male) |
| 7:58 | Queue | Villager (Male) |
Build order — DugTheDog
26 actions detected in the replay
| 0:11 | Build | Town Center |
| 2:34 | Queue | Villager (Male) |
| 2:35 | Queue | Villager (Male) |
| 2:35 | Queue | Villager (Male) |
| 2:40 | Build | House |
| 2:41 | Build | House |
| 3:01 | Queue | Villager (Male) |
| 3:01 | Queue | Villager (Male) |
| 4:01 | Queue | Villager (Male) |
| 4:03 | Build | House |
| 4:18 | Build | House |
| 4:26 | Build | House |
| 4:32 | Queue | Villager (Male) |
| 4:36 | Queue | Villager (Male) |
| 4:52 | Build | Lumber Camp |
| 5:06 | Research | Loom |
| 5:08 | Queue | Villager (Male) |
| 5:55 | Queue | Villager (Male) |
| 5:57 | Queue | Villager (Male) |
| 6:18 | Queue | Villager (Male) |
| 6:47 | Build | House |
| 6:51 | Build | House |
| 7:06 | Queue | Villager (Male) |
| 7:14 | Build | Mill |
| 7:23 | Queue | Villager (Male) |
| 7:31 | Build | House |
Build order — 吾问无为谓
29 actions detected in the replay
| 1:36 | Build | Town Center |
| 3:20 | Build | House |
| 3:21 | Queue | Villager (Male) |
| 3:21 | Queue | Villager (Male) |
| 3:23 | Queue | Villager (Male) |
| 3:24 | Queue | Villager (Male) |
| 3:24 | Queue | Villager (Male) |
| 4:41 | Queue | Villager (Male) |
| 5:05 | Queue | Villager (Male) |
| 5:06 | Queue | Villager (Male) |
| 5:20 | Build | House |
| 5:49 | Queue | Villager (Male) |
| 5:49 | Queue | Villager (Male) |
| 6:08 | Build | Lumber Camp |
| 6:16 | Queue | Villager (Male) |
| 6:17 | Queue | Villager (Male) |
| 6:17 | Queue | Villager (Male) |
| 6:47 | Queue | Villager (Male) |
| 6:47 | Queue | Villager (Male) |
| 6:54 | Build | House |
| 7:24 | Queue | Villager (Male) |
| 7:42 | Queue | Villager (Male) |
| 7:42 | Queue | Villager (Male) |
| 7:50 | Queue | Villager (Male) |
| 7:51 | Queue | Villager (Male) |
| 7:56 | Research | Loom |
| 7:56 | Research | Loom |
| 7:57 | Queue | Villager (Male) |
| 7:57 | Queue | Villager (Male) |
Match timeline
| 5:39 | BeefBro · resign |
[ AI ANALYSIS · 1 CREDIT ]
What really happened in this match?
Wolo.gg analyzes every decision: build order, eco, micro, common mistakes by bracket. Personalized analysis on WhatsApp or Discord in 30 seconds.
Civ guide
Vietnamese
Perfil
Jugador #6131444